 Dungeon Crawl Stone Soup version 0.21-a0-404-g291f19a (webtiles) character file.

135 IceWhale the Skirmisher (level 4, -5/37 HPs)
             Began as a Demonspawn Abyssal Knight on Oct 27, 2017.
             Was a Believer of Lugonu.
             Shot with an arrow by a centaur (8 damage)
             ... on level 4 of the Dungeon.
             The game lasted 00:23:50 (3793 turns).

IceWhale the Skirmisher (Demonspawn Abyssal Knight) Turns: 3793, Time: 00:23:51

Health: -5/37      AC:  8    Str: 13    XL:     4   Next: 97%
Magic:  6/6        EV:  6    Int: 13    God:    Lugonu [**....]
Gold:   194        SH:  0    Dex: 13    Spells: 3/3 levels left

rFire    + . .     SeeInvis .   a - +1 falchion
rCold    . . .     Gourm    .   (no shield)
rNeg     . . .     Faith    .   x - +0 chain mail
rPois    .         Spirit   .   (no helmet)
rElec    .         Reflect  .   (no cloak)
rCorr    .         Harm     .   (no gloves)
MR       .....                  (no boots)
Stlth    ..........             (no amulet)
HPRegen  0.12/turn              (no ring)
MPRegen  0.10/turn              (no ring)

@: no status effects
A: fire resistance 1, flame cloud immunity
a: Depart the Abyss, Bend Space, Renounce Religion


You were on level 4 of the Dungeon.
You worshipped Lugonu.
Lugonu was pleased with you.
You were not hungry.

You visited 1 branch of the dungeon, and saw 4 of its levels.
You visited the Abyss 1 time.

You collected 194 gold pieces.

Inventory:

Hand Weapons
 a - a +1 falchion (weapon)
 f - a cursed -1 rapier
 l - a cursed -3 dagger
Missiles
 j - 7 tomahawks (quivered)
Armour
 b - a +0 leather armour
 d - a +0 ring mail
 i - a +0 scale mail
 m - a +0 leather armour
 n - a +0 robe
 s - a +0 scale mail
 u - a +0 leather armour
 v - a +0 scale mail
 x - a +0 chain mail (worn)
Jewellery
 z - a cursed ring of loudness
Scrolls
 e - a scroll of teleportation {unknown}
 k - a scroll of remove curse
 o - a scroll of enchant weapon {unknown}
Potions
 c - a potion of might {unknown}
 g - a potion of degeneration {unknown}
 h - a potion of curing
 p - a potion of heal wounds
Books
 y - a book of Conjurations

   Spells                             Type                      Level
   a - Magic Dart                     Conjuration                  1
   b - Searing Ray                    Conjuration                  2
   c - Dazzling Spray                 Conjuration/Hexes            3
   d - Fulminant Prism                Conjuration/Hexes            4
   e - Force Lance                    Conjuration/Translocation    4
   f - Iskenderun's Mystic Blast      Conjuration                  4
Comestibles
 q - a bread ration
 r - 4 meat rations
 w - 3 fruits


   Skills:
 * Level 4.2 Fighting
 + Level 2.5 Long Blades
 + Level 2.4 Armour
 + Level 1.5 Dodging
 * Level 3.3 Invocations


You had 3 spell levels left.
You didn't know any spells.

Dungeon Overview and Level Annotations

Branches:
Dungeon (4/15)
 Temple: D:4-7

Altars:
Gozag


Innate Abilities, Weirdness & Mutations

Your flesh is heat resistant. (rF+)
You are immune to clouds of flame.


Message History

You see here an arrow.
You hit the iguana.
The iguana is moderately wounded.
The centaur shoots an arrow.
The arrow hits you.
The centaur shoots an arrow.
The arrow hits you. The iguana barely misses you.
You closely miss the iguana.
The iguana is moderately wounded.
The centaur shoots an arrow.
The arrow hits you!
* * * LOW HITPOINT WARNING * * *
The iguana barely misses you.
Press: ? - help, . - travel You can't see that place.
You hit the iguana.
The iguana is moderately wounded.
The centaur shoots an arrow.
The arrow barely misses you. The iguana bites you.
* * * LOW HITPOINT WARNING * * *
The centaur shoots an arrow.
The arrow hits you.
* * * LOW HITPOINT WARNING * * *
The centaur shoots an arrow.
The arrow hits you!
You die...

########## #
#........# ##.# .
#........####.#.#..
#....<.............
#...............#
#........##@..###
#........##l..#
#......<.##...#
#........##...#
#####..####....%
.... ......# ##..#
#....... #..###.c#
#... ..#


You could see a centaur and an iguana.

Vanquished Creatures
  6 adders
  2 worms
  A dart slug (D:3)
  4 orcs (D:3)
  4 giant cockroaches
  7 goblins
  11 hobgoblins
  2 jackals (D:2)
  10 kobolds
  A ball python (D:1)
  12 bats
  3 frilled lizards
  5 rats
68 creatures vanquished.

Notes
Turn   | Place    | Note
-------+----------+-------------------------------------------
     0 | Abyss:1  | IceWhale the Demonspawn Abyssal Knight began the quest for the Orb.
     0 | Abyss:1  | Reached XP level 1. HP: 18/18 MP: 2/2
     0 | D:1      | Escaped the Abyss
   112 | D:1      | Reached * piety under Lugonu
   112 | D:1      | Gained mutation: Your flesh is heat resistant. (rF+) [demonic ancestry]
   112 | D:1      | Reached XP level 2. HP: 24/24 MP: 3/3
   414 | D:1      | Reached skill level 1 in Dodging
   414 | D:1      | Gained mutation: You are immune to clouds of flame. [demonic ancestry]
   414 | D:1      | Reached XP level 3. HP: 22/30 MP: 4/4
  1186 | D:2      | Found an opulent altar of Gozag.
  1675 | D:2      | Reached skill level 4 in Fighting
  2189 | D:3      | Reached XP level 4. HP: 34/37 MP: 6/6
  2213 | D:3      | Reached ** piety under Lugonu
  3789 | D:4      | Noticed a centaur
  3793 | D:4      | Shot with an arrow by a centaur

Vault maps used:
D:1:      lemuel_arrival_muddy, minmay_hexomino_u4
D:2:      nicolae_gozag_seed_capital
D:3:      kennysheep_generic_room_12
D:4:      marbit_many_paths, first_bread, minmay_snake_closets
Abyss:1:  evilmike_abyss_exit_14

Skill      XL: |  1  2  3  4 |
---------------+-------------+-----
Armour         | 2 |  2.4
Dodging        | 1 |  1.5
Long Blades    | 2 |  2.5
Fighting       | 4 |  4.2
Invocations    | 3 |  3.3

Action                   |  1- 3 |  4- 6 || total
-------------------------+-------+-------++-------
Melee: Falchion          |   137 |    86 ||   223
Invok: Depart the Abyss  |     1 |       ||     1
  Use: Potion            |     3 |     1 ||     4
       Scroll            |     3 |     1 ||     4
  Eat: Bread ration      |     1 |       ||     1
       Meat ration       |     1 |       ||     1
       Fruit             |       |     1 ||     1
Armor: Ring mail         |    53 |       ||    53
       Leather armour    |    26 |       ||    26
       Scale mail        |     5 |    19 ||    24
       Chain mail        |       |    24 ||    24
Dodge: Dodged            |   102 |    35 ||   137
       Rpst.: Falchion   |    36 |    11 ||    47

Table legend:
 A = Spawn XP
 B = Non-spawn XP
 C = Spawn XP percentage of total XP
 D = Spawn monster count
 E = Non-spawn monster count
 F = Spawn count percentage of total count
 G = Total turns spent on level
                    A         B        C        D         E        F      G
               +---------+---------+-------+---------+---------+-------+---------
         Total |       0 |     194 |   0.0 |       0 |      68 |   0.0 |  3793
               +---------+---------+-------+---------+---------+-------+---------
           D:1 |       0 |      51 |   0.0 |       0 |      32 |   0.0 |  1109
           D:2 |       0 |      41 |   0.0 |       0 |      16 |   0.0 |  1036
           D:3 |       0 |     102 |   0.0 |       0 |      20 |   0.0 |  1636
               +---------+---------+-------+---------+---------+-------+---------
